Connexion

COLORADO Avalanche vs NEW YORK Rangers

Created - 16 novembre 2023 at 05:49

Goals
1 2 3 OT1 SO T
COLORADO Avalanche 2 2 0 0 3 5
NEW YORK Rangers 3 0 1 0 2 4
Shots
1 2 3 OT1 SO T
COLORADO Avalanche 12 13 6 1 4 32
NEW YORK Rangers 10 12 10 2 4 34

GoalsPenalties
1st period
1. COLORADO Avalanche , Anthony Mantha 8 (Alexander Wennberg 14, Christian Djoos 11) at 7:48 (PP)
2. NEW YORK Rangers , Ryan Strome 12 (Taylor Hall 23, Travis Konecny 20) at 9:06
3. COLORADO Avalanche , Glenn Gawdin 4 (Anthony Mantha 16, Christian Djoos 12) at 14:42
4. NEW YORK Rangers , Travis Konecny 20 (Ryan Strome 20, Jakob Chychrun 22) at 15:25
5. NEW YORK Rangers , Taylor Hall 13 (Jon Merrill 14) at 18:23 (PP)
Glenn Gawdin (COL) for Cross-checking (Minor) at 4:41
Kieffer Bellows (NYR) for Delaying the game (Minor) at 6:44
Cody Goloubef (NYR) for Holding (Minor) at 10:53
Adam Ruzicka (COL) for Hooking (Minor) at 10:53
Glenn Gawdin (COL) for Boarding (Minor) at 17:51
2nd period
6. COLORADO Avalanche , Anthony Mantha 9 (Glenn Gawdin 5, Mark Pysyk 15) at 10:27
7. COLORADO Avalanche , Anthony Mantha 10 (Gustav Lindstrom 10, Glenn Gawdin 6) at 17:29
Zach Hyman (NYR) for Hooking (Minor) at 1:40
Oscar Klefbom (COL) for Hooking (Minor) at 11:18
Martin Frk (COL) for High sticking (Minor) at 14:48
3rd period
8. NEW YORK Rangers , Taylor Hall 14 (Torey Krug 28, Ryan Strome 21) at 2:28
Jon Merrill (NYR) for Slashing (Minor) at 6:22
Anthony Mantha (COL) for Roughing (Minor) at 6:22
Overtime #1
No Goal
Shootout
COLORADO Avalanche , Claude Giroux - Shot Misses the Net
NEW YORK Rangers, Taylor Hall - Goal!
COLORADO Avalanche , Artemi Panarin - Goal!
NEW YORK Rangers, Ryan Strome - Shot Misses the Net
COLORADO Avalanche , Anze Kopitar - Goal!
NEW YORK Rangers, Travis Konecny - Goal!
COLORADO Avalanche , Alexander Wennberg - Goal!
NEW YORK Rangers, Zach Hyman - Stopped by Braden Holtby
Goalie Stats
Braden Holtby (COL), 30 saves from 34 shots - (0,882), W, 16-13-2, 65:00 minutes
Semyon Varlamov (NYR), 28 saves from 32 shots - (0,875), OTL, 12-6-1, 65:00 minutes
3 StarsOfficial
1 - Anthony Mantha (COL)
2 - Taylor Hall (NYR)
3 - Ryan Strome (NYR)
Referees : Kevin Pollock and Francois StLaurent
Linesman : Michel Cormier and Jean Morin
Game Note
Anthony Mantha has scored a Hat Trick!
Finance
Level 1 -- Attendance: 5821 (97,02%) -- Ticket Income 727 625 $
Level 2 -- Attendance: 5023 (96,60%) -- Ticket Income 401 840 $
Level 3 -- Attendance: 2000 (100,00%) -- Ticket Income 100 000 $
Level 4 -- Attendance: 4000 (100,00%) -- Ticket Income 140 000 $
Luxury Box -- Attendance: 1000 (100,00%) -- Ticket Income 240 000 $
Game was played at the Madison Square Garden.
Total Attendance: 17844 (98,04%)
Total Ticket Income: 1 609 465 $
Other Income: 321 893 $
Total Income: 1 931 358 $



Team Name Goals Shots Shots Attemp Shots Blocked PIM HIT PP PK FO%
COLORADO Avalanche 53267212251 / 2 (50%)156%
NEW YORK Rangers 4345988161 / 4 (25%)144%

COLORADO Avalanche
Player Name POS G A P +/- PIM HIT SHT SB MP PP MP PP SHT PK MP PK SHT FO% FOT
Adam RuzickaC000120004:520:0000:00050% 2
Alexander WennbergC0110000028:331:4901:33070% 30
Anthony ManthaLW/RW31412110023:021:4910:2800% 0
Anze KopitarC000-1014015:211:1401:33056% 25
Artemi PanarinLW000-1037028:401:1414:28150% 2
Brenden DillonD0001030015:420:0001:2400% 0
Christian DjoosD022-1010125:390:3603:5500% 0
Claude GirouxC/LW/RW000-1014025:131:1413:57029% 14
David GustafssonC000000001:260:0000:000100% 2
Evgeny SvechnikovRW000001007:170:0000:0000% 0
Glenn GawdinC/LW1231422022:071:4910:000100% 2
Gustav LindstromD0111001012:050:0000:0000% 0
Luke GlendeningC/RW000000002:450:0000:06033% 6
Mark PysykD0110020122:162:2702:3400% 0
Martin FrkRW000022109:350:0000:0000% 1
Noah DobsonD0000041022:162:2712:3400% 0
Oscar KlefbomD000-1231027:010:3602:3100% 0
Philip TomasinoC0000011010:370:0000:53060% 10
NEW YORK Rangers
Player Name POS G A P +/- PIM HIT SHT SB MP PP MP PP SHT PK MP PK SHT FO% FOT
Cody GoloubefD000-1200116:250:0000:0000% 0
Jakob ChychrunD0110033126:093:4331:3800% 0
Jesse PuljujarviRW0000050017:262:2100:0000% 1
John MooreD0001013221:042:4611:2500% 0
Jon MerrillD0111202020:032:4611:2500% 0
Kieffer BellowsLW0000211011:050:0000:4000% 0
Logan CoutureC/LW0000002017:262:2100:00050% 2
Logan StanleyD000-1020012:470:0000:0000% 0
Nolan PatrickC0000002010:260:0000:00018% 11
Ryan StromeC/RW1231012027:234:0802:03062% 13
Taylor HallC/LW2131006027:534:0822:03038% 13
Torey KrugD0110013328:303:4311:3800% 0
Travis KonecnyC/LW/RW1121022022:064:0801:00037% 19
Trevor MooreC/LW/RW0000001012:260:0000:00025% 4
Ty DellandreaC000-100015:380:0000:00050% 8
Tyler EnnisC/LW000-100007:080:0000:0000% 0
Vasili PodkolzinRW000-100205:080:0000:0000% 0
Zach HymanC/LW/RW0000205018:522:2120:20057% 23



Play-by-Play

1st period


0:01 of 1st period - Anze Kopitar wins face-off versus Travis Konecny in neutral zone.
0:12 of 1st period - Shot by Artemi Panarin.
0:12 of 1st period - Deflect By Claude Giroux.
0:12 of 1st period - Shot Misses the Net.
0:14 of 1st period - Shot by Oscar Klefbom.
0:14 of 1st period - Shot Blocked by Torey Krug.
0:16 of 1st period - Shot by Anze Kopitar.
0:16 of 1st period - Stopped by Semyon Varlamov with a rebound.
0:18 of 1st period - Shot by Anze Kopitar.
0:18 of 1st period - Stopped by Semyon Varlamov without a rebound.
0:19 of 1st period - Glenn Gawdin wins face-off versus Zach Hyman in NEW YORK Rangers zone.
0:37 of 1st period - Icing by Jesse Puljujarvi.
0:38 of 1st period - Philip Tomasino wins face-off versus Logan Couture in NEW YORK Rangers zone.
0:56 of 1st period - Shot by Artemi Panarin.
0:56 of 1st period - Shot Blocked by John Moore.
1:00 of 1st period - Shot by Artemi Panarin.
1:00 of 1st period - Stopped by Semyon Varlamov without a rebound.
1:01 of 1st period - Alexander Wennberg wins face-off versus Nolan Patrick in NEW YORK Rangers zone.
1:09 of 1st period - Evgeny Svechnikov is hit by Logan Stanley and loses puck.
1:38 of 1st period - Shot by Trevor Moore.
1:38 of 1st period - Stopped by Braden Holtby with a rebound.
2:10 of 1st period - Shot by Martin Frk.
2:10 of 1st period - Stopped by Semyon Varlamov without a rebound.
2:11 of 1st period - Philip Tomasino wins face-off versus Ty Dellandrea in NEW YORK Rangers zone.
2:11 of 1st period - Artemi Panarin is hit by John Moore and loses puck.
2:49 of 1st period - Tyler Ennis is hit by Artemi Panarin and loses puck.
3:09 of 1st period - Travis Konecny is hit by Brenden Dillon and loses puck.
3:40 of 1st period - Shot by Torey Krug.
3:40 of 1st period - Stopped by Braden Holtby without a rebound.
3:41 of 1st period - Alexander Wennberg wins face-off versus Jesse Puljujarvi in COLORADO Avalanche zone.
3:46 of 1st period - Oscar Klefbom is hit by Jesse Puljujarvi.
4:41 of 1st period - Minor Penalty to Glenn Gawdin for Cross-checking.
4:42 of 1st period - Luke Glendening wins face-off versus Ryan Strome in COLORADO Avalanche zone.
4:52 of 1st period - Icing by Ryan Strome.
4:53 of 1st period - Ryan Strome wins face-off versus Artemi Panarin in NEW YORK Rangers zone.
6:44 of 1st period - Minor Penalty to Kieffer Bellows for Delaying the game.
6:45 of 1st period - Anze Kopitar wins face-off versus Taylor Hall in NEW YORK Rangers zone.
6:52 of 1st period - Shot by Artemi Panarin.
6:52 of 1st period - Stopped by Semyon Varlamov without a rebound.
6:53 of 1st period - Alexander Wennberg wins face-off versus Taylor Hall in NEW YORK Rangers zone.
7:02 of 1st period - Shot by Glenn Gawdin.
7:02 of 1st period - Stopped by Semyon Varlamov without a rebound.
7:03 of 1st period - Taylor Hall wins face-off versus Anze Kopitar in NEW YORK Rangers zone.
7:24 of 1st period - Shot by Mark Pysyk.
7:24 of 1st period - Shot Blocked by John Moore.
7:46 of 1st period - Shot by Alexander Wennberg.
7:46 of 1st period - Shot Misses the Net.
7:48 of 1st period - Shot by Anthony Mantha.
7:48 of 1st period - Goal by Anthony Mantha - COLORADO Avalanche : 1 - NEW YORK Rangers : 0.
7:49 of 1st period - Alexander Wennberg wins face-off versus Nolan Patrick in neutral zone.
8:26 of 1st period - Shot by Nolan Patrick.
8:26 of 1st period - Stopped by Braden Holtby without a rebound.
8:27 of 1st period - Zach Hyman wins face-off versus Anze Kopitar in COLORADO Avalanche zone.
8:50 of 1st period - Shot by Zach Hyman.
8:50 of 1st period - Stopped by Braden Holtby with a rebound.
8:52 of 1st period - Shot by Logan Couture.
8:52 of 1st period - Stopped by Braden Holtby without a rebound.
8:53 of 1st period - Alexander Wennberg wins face-off versus Travis Konecny in COLORADO Avalanche zone.
8:53 of 1st period - Alexander Wennberg is hit by Travis Konecny.
9:06 of 1st period - Shot by Ryan Strome.
9:06 of 1st period - Goal by Ryan Strome - COLORADO Avalanche : 1 - NEW YORK Rangers : 1.
9:07 of 1st period - Zach Hyman wins face-off versus Claude Giroux in neutral zone.
9:07 of 1st period - Zach Hyman is hit by Artemi Panarin.
10:09 of 1st period - Travis Konecny is hit by Anze Kopitar and loses puck.
10:46 of 1st period - Shot by Anthony Mantha.
10:46 of 1st period - Stopped by Semyon Varlamov without a rebound.
10:47 of 1st period - Nolan Patrick wins face-off versus Philip Tomasino in NEW YORK Rangers zone.
10:47 of 1st period - Cody Goloubef is hit by Philip Tomasino and loses puck.
10:53 of 1st period - Minor Penalty to Cody Goloubef for Holding.
10:53 of 1st period - Minor Penalty to Adam Ruzicka for Hooking.
10:54 of 1st period - Taylor Hall wins face-off versus Claude Giroux in NEW YORK Rangers zone.
11:17 of 1st period - Taylor Hall is hit by Noah Dobson and loses puck.
11:45 of 1st period - Zach Hyman is hit by Oscar Klefbom and loses puck.
11:52 of 1st period - Shot by Travis Konecny.
11:52 of 1st period - Shot Misses the Net.
12:02 of 1st period - Shot by John Moore.
12:02 of 1st period - Stopped by Braden Holtby without a rebound.
12:03 of 1st period - Anze Kopitar wins face-off versus Taylor Hall in COLORADO Avalanche zone.
12:20 of 1st period - Shot by Alexander Wennberg.
12:20 of 1st period - Shot Misses the Net.
12:22 of 1st period - Shot by Oscar Klefbom.
12:22 of 1st period - Stopped by Semyon Varlamov without a rebound.
12:23 of 1st period - David Gustafsson wins face-off versus Taylor Hall in NEW YORK Rangers zone.
12:47 of 1st period - Icing by Jakob Chychrun.
12:48 of 1st period - Anze Kopitar wins face-off versus Taylor Hall in NEW YORK Rangers zone.
12:48 of 1st period - Anze Kopitar is hit by Jakob Chychrun.
13:00 of 1st period - Gustav Lindstrom is hit by Jesse Puljujarvi and loses puck.
13:18 of 1st period - Zach Hyman is hit by Glenn Gawdin and loses puck.
13:33 of 1st period - Shot by Anthony Mantha.
13:33 of 1st period - Shot Misses the Net.
13:42 of 1st period - Icing by John Moore.
13:43 of 1st period - Zach Hyman wins face-off versus Anze Kopitar in NEW YORK Rangers zone.
13:55 of 1st period - Off-side.
13:56 of 1st period - Claude Giroux wins face-off versus Nolan Patrick in neutral zone.
14:19 of 1st period - Shot by Artemi Panarin.
14:19 of 1st period - Stopped by Semyon Varlamov without a rebound.
14:20 of 1st period - Alexander Wennberg wins face-off versus Travis Konecny in NEW YORK Rangers zone.
14:23 of 1st period - Shot by Glenn Gawdin.
14:23 of 1st period - Shot Misses the Net.
14:28 of 1st period - Off-side.
14:29 of 1st period - Alexander Wennberg wins face-off versus Travis Konecny in neutral zone.
14:40 of 1st period - Shot by Anthony Mantha.
14:40 of 1st period - Shot Blocked by Torey Krug.
14:42 of 1st period - Shot by Glenn Gawdin.
14:42 of 1st period - Goal by Glenn Gawdin - COLORADO Avalanche : 2 - NEW YORK Rangers : 1.
14:43 of 1st period - Anze Kopitar wins face-off versus Zach Hyman in neutral zone.
15:01 of 1st period - Jesse Puljujarvi is hit by Noah Dobson.
15:11 of 1st period - Shot by Jesse Puljujarvi.
15:11 of 1st period - Deflect By Logan Couture.
15:11 of 1st period - Shot Misses the Net.
15:13 of 1st period - Shot by Zach Hyman.
15:13 of 1st period - Stopped by Braden Holtby without a rebound.
15:14 of 1st period - Taylor Hall wins face-off versus Alexander Wennberg in COLORADO Avalanche zone.
15:25 of 1st period - Shot by Travis Konecny.
15:25 of 1st period - Goal by Travis Konecny - COLORADO Avalanche : 2 - NEW YORK Rangers : 2.
15:26 of 1st period - Alexander Wennberg wins face-off versus Trevor Moore in neutral zone.
15:42 of 1st period - Icing by Jakob Chychrun.
15:43 of 1st period - Anze Kopitar wins face-off versus Nolan Patrick in NEW YORK Rangers zone.
15:47 of 1st period - Artemi Panarin is hit by Jakob Chychrun and loses puck.
15:52 of 1st period - Shot by Claude Giroux.
15:52 of 1st period - Shot Misses the Net.
15:54 of 1st period - Shot by Anze Kopitar.
15:54 of 1st period - Stopped by Semyon Varlamov without a rebound.
15:55 of 1st period - Alexander Wennberg wins face-off versus Travis Konecny in NEW YORK Rangers zone.
16:24 of 1st period - Shot by Christian Djoos.
16:24 of 1st period - Shot Misses the Net.
16:29 of 1st period - John Moore is hit by Oscar Klefbom and loses puck.
16:34 of 1st period - Shot by Taylor Hall.
16:34 of 1st period - Shot Misses the Net.
16:49 of 1st period - Off-side.
16:50 of 1st period - Zach Hyman wins face-off versus Claude Giroux in neutral zone.
16:56 of 1st period - Icing by Anze Kopitar.
16:57 of 1st period - Zach Hyman wins face-off versus Anze Kopitar in COLORADO Avalanche zone.
17:00 of 1st period - Shot by Jesse Puljujarvi.
17:00 of 1st period - Shot Blocked by Mark Pysyk.
17:50 of 1st period - Shot by Alexander Wennberg.
17:50 of 1st period - Shot Misses the Net.
17:51 of 1st period - Minor Penalty to Glenn Gawdin for Boarding.
17:52 of 1st period - Ryan Strome wins face-off versus Claude Giroux in COLORADO Avalanche zone.
18:23 of 1st period - Shot by Taylor Hall.
18:23 of 1st period - Goal by Taylor Hall - COLORADO Avalanche : 2 - NEW YORK Rangers : 3.
18:24 of 1st period - Glenn Gawdin wins face-off versus Nolan Patrick in neutral zone.
18:37 of 1st period - Brenden Dillon is hit by Kieffer Bellows and loses puck.
18:53 of 1st period - Nolan Patrick is hit by Brenden Dillon and loses puck.
19:28 of 1st period - Shot by Claude Giroux.
19:28 of 1st period - Shot Blocked by Jakob Chychrun.
19:45 of 1st period - Off-side.
19:46 of 1st period - Philip Tomasino wins face-off versus Ty Dellandrea in neutral zone.
19:49 of 1st period - Tyler Ennis is hit by Martin Frk and loses puck.
19:55 of 1st period - Off-side.
19:56 of 1st period - Alexander Wennberg wins face-off versus Zach Hyman in neutral zone.
Goals for this period are 2 for COLORADO Avalanche vs 3 for NEW YORK Rangers.
Shots for this period are 12 for COLORADO Avalanche vs 10 for NEW YORK Rangers.

2nd period


0:01 of 2nd period - Anze Kopitar wins face-off versus Travis Konecny in neutral zone.
0:28 of 2nd period - Shot by Travis Konecny.
0:28 of 2nd period - Shot Misses the Net.
0:30 of 2nd period - Shot by Ryan Strome.
0:30 of 2nd period - Shot Misses the Net.
0:32 of 2nd period - Shot by Ryan Strome.
0:32 of 2nd period - Shot Misses the Net.
0:34 of 2nd period - Shot by Taylor Hall.
0:34 of 2nd period - Shot Misses the Net.
0:41 of 2nd period - Icing by Oscar Klefbom.
0:42 of 2nd period - Anze Kopitar wins face-off versus Zach Hyman in COLORADO Avalanche zone.
0:42 of 2nd period - Anze Kopitar is hit by Jesse Puljujarvi.
0:45 of 2nd period - Icing by Christian Djoos.
0:46 of 2nd period - Zach Hyman wins face-off versus Anze Kopitar in COLORADO Avalanche zone.
1:07 of 2nd period - Shot by Jesse Puljujarvi.
1:07 of 2nd period - Shot Misses the Net.
1:09 of 2nd period - Shot by John Moore.
1:09 of 2nd period - Shot Misses the Net.
1:40 of 2nd period - Minor Penalty to Zach Hyman for Hooking.
1:41 of 2nd period - Alexander Wennberg wins face-off versus Taylor Hall in NEW YORK Rangers zone.
1:42 of 2nd period - Shot by Noah Dobson.
1:42 of 2nd period - Shot Hit the Post.
2:00 of 2nd period - Shot by Noah Dobson.
2:00 of 2nd period - Shot Misses the Net.
2:15 of 2nd period - Icing by Alexander Wennberg.
2:16 of 2nd period - Alexander Wennberg wins face-off versus Taylor Hall in COLORADO Avalanche zone.
2:25 of 2nd period - Shot by Alexander Wennberg.
2:25 of 2nd period - Shot Misses the Net.
2:27 of 2nd period - Shot by Alexander Wennberg.
2:27 of 2nd period - Shot Blocked by Torey Krug.
2:29 of 2nd period - Shot by Noah Dobson.
2:29 of 2nd period - Stopped by Semyon Varlamov without a rebound.
2:30 of 2nd period - Taylor Hall wins face-off versus Anze Kopitar in NEW YORK Rangers zone.
2:49 of 2nd period - Shot by Artemi Panarin.
2:49 of 2nd period - Deflect By Claude Giroux.
2:49 of 2nd period - Stopped by Semyon Varlamov without a rebound.
2:50 of 2nd period - Travis Konecny wins face-off versus Alexander Wennberg in NEW YORK Rangers zone.
2:50 of 2nd period - Travis Konecny is hit by Glenn Gawdin.
3:49 of 2nd period - Shot by Artemi Panarin.
3:49 of 2nd period - Stopped by Semyon Varlamov without a rebound.
3:50 of 2nd period - Zach Hyman wins face-off versus Philip Tomasino in NEW YORK Rangers zone.
4:05 of 2nd period - Shot by Philip Tomasino.
4:05 of 2nd period - Stopped by Semyon Varlamov without a rebound.
4:06 of 2nd period - Ty Dellandrea wins face-off versus Alexander Wennberg in NEW YORK Rangers zone.
4:06 of 2nd period - Ty Dellandrea is hit by Evgeny Svechnikov.
4:16 of 2nd period - Shot by Vasili Podkolzin.
4:16 of 2nd period - Stopped by Braden Holtby without a rebound.
4:17 of 2nd period - Anze Kopitar wins face-off versus Travis Konecny in COLORADO Avalanche zone.
4:29 of 2nd period - Anze Kopitar is hit by Ryan Strome and loses puck.
5:57 of 2nd period - Shot by Anthony Mantha.
5:57 of 2nd period - Stopped by Semyon Varlamov without a rebound.
5:58 of 2nd period - Logan Couture wins face-off versus Philip Tomasino in NEW YORK Rangers zone.
6:58 of 2nd period - Off-side.
6:59 of 2nd period - Travis Konecny wins face-off versus Alexander Wennberg in neutral zone.
8:11 of 2nd period - Icing by Mark Pysyk.
8:12 of 2nd period - Alexander Wennberg wins face-off versus Nolan Patrick in COLORADO Avalanche zone.
8:41 of 2nd period - Shot by Kieffer Bellows.
8:41 of 2nd period - Shot Blocked by Christian Djoos.
8:43 of 2nd period - Shot by John Moore.
8:43 of 2nd period - Stopped by Braden Holtby without a rebound.
8:44 of 2nd period - Zach Hyman wins face-off versus Martin Frk in COLORADO Avalanche zone.
8:49 of 2nd period - Shot by Jesse Puljujarvi.
8:49 of 2nd period - Shot Misses the Net.
8:51 of 2nd period - Shot by Jesse Puljujarvi.
8:51 of 2nd period - Shot Misses the Net.
8:53 of 2nd period - Shot by Logan Couture.
8:53 of 2nd period - Shot Misses the Net.
9:26 of 2nd period - Icing by Zach Hyman.
9:27 of 2nd period - Alexander Wennberg wins face-off versus Zach Hyman in NEW YORK Rangers zone.
9:27 of 2nd period - Alexander Wennberg is hit by Logan Stanley.
9:49 of 2nd period - Shot by Claude Giroux.
9:49 of 2nd period - Stopped by Semyon Varlamov without a rebound.
9:50 of 2nd period - Adam Ruzicka wins face-off versus Travis Konecny in NEW YORK Rangers zone.
10:17 of 2nd period - Shot by Anthony Mantha.
10:17 of 2nd period - Shot Misses the Net.
10:23 of 2nd period - Shot by Glenn Gawdin.
10:23 of 2nd period - Shot Misses the Net.
10:27 of 2nd period - Shot by Anthony Mantha.
10:27 of 2nd period - Goal by Anthony Mantha - COLORADO Avalanche : 3 - NEW YORK Rangers : 3.
10:28 of 2nd period - Anze Kopitar wins face-off versus Ty Dellandrea in neutral zone.
10:46 of 2nd period - Shot by Claude Giroux.
10:46 of 2nd period - Stopped by Semyon Varlamov without a rebound.
10:47 of 2nd period - Alexander Wennberg wins face-off versus Nolan Patrick in NEW YORK Rangers zone.
10:51 of 2nd period - Icing by Cody Goloubef.
10:52 of 2nd period - Alexander Wennberg wins face-off versus Nolan Patrick in NEW YORK Rangers zone.
11:04 of 2nd period - Trevor Moore is hit by Christian Djoos and loses puck.
11:18 of 2nd period - Minor Penalty to Oscar Klefbom for Hooking.
11:19 of 2nd period - Claude Giroux wins face-off versus Ryan Strome in COLORADO Avalanche zone.
11:42 of 2nd period - Shot by Taylor Hall.
11:42 of 2nd period - Shot Misses the Net.
11:44 of 2nd period - Shot by Jakob Chychrun.
11:44 of 2nd period - Stopped by Braden Holtby without a rebound.
11:45 of 2nd period - Claude Giroux wins face-off versus Zach Hyman in COLORADO Avalanche zone.
11:52 of 2nd period - Shot by Artemi Panarin.
11:52 of 2nd period - Stopped by Semyon Varlamov without a rebound.
11:53 of 2nd period - Zach Hyman wins face-off versus Claude Giroux in NEW YORK Rangers zone.
11:53 of 2nd period - Zach Hyman is hit by Artemi Panarin.
11:59 of 2nd period - Shot by Jakob Chychrun.
11:59 of 2nd period - Stopped by Braden Holtby without a rebound.
12:00 of 2nd period - Claude Giroux wins face-off versus Ryan Strome in COLORADO Avalanche zone.
12:00 of 2nd period - Claude Giroux is hit by Travis Konecny.
13:06 of 2nd period - Shot by Logan Couture.
13:06 of 2nd period - Shot Misses the Net.
13:08 of 2nd period - Shot by Jon Merrill.
13:08 of 2nd period - Stopped by Braden Holtby without a rebound.
13:09 of 2nd period - Anze Kopitar wins face-off versus Zach Hyman in COLORADO Avalanche zone.
13:24 of 2nd period - Shot by Vasili Podkolzin.
13:24 of 2nd period - Stopped by Braden Holtby without a rebound.
13:25 of 2nd period - Nolan Patrick wins face-off versus Alexander Wennberg in COLORADO Avalanche zone.
13:25 of 2nd period - Nolan Patrick is hit by Noah Dobson.
14:33 of 2nd period - Shot by Torey Krug.
14:33 of 2nd period - Shot Misses the Net.
14:48 of 2nd period - Minor Penalty to Martin Frk for High sticking.
14:49 of 2nd period - Zach Hyman wins face-off versus Claude Giroux in COLORADO Avalanche zone.
14:52 of 2nd period - Shot by Zach Hyman.
14:52 of 2nd period - Stopped by Braden Holtby without a rebound.
14:53 of 2nd period - Artemi Panarin wins face-off versus Zach Hyman in COLORADO Avalanche zone.
15:14 of 2nd period - Shot by Zach Hyman.
15:14 of 2nd period - Stopped by Braden Holtby without a rebound.
15:15 of 2nd period - Ryan Strome wins face-off versus Anze Kopitar in COLORADO Avalanche zone.
15:52 of 2nd period - Shot by Torey Krug.
15:52 of 2nd period - Stopped by Braden Holtby with a rebound.
15:54 of 2nd period - Shot by Taylor Hall.
15:54 of 2nd period - Stopped by Braden Holtby with a rebound.
15:56 of 2nd period - Shot by Jakob Chychrun.
15:56 of 2nd period - Stopped by Braden Holtby without a rebound.
15:57 of 2nd period - Zach Hyman wins face-off versus Claude Giroux in COLORADO Avalanche zone.
16:26 of 2nd period - Shot by John Moore.
16:26 of 2nd period - Stopped by Braden Holtby without a rebound.
16:27 of 2nd period - Anze Kopitar wins face-off versus Ryan Strome in COLORADO Avalanche zone.
16:33 of 2nd period - Icing by Jakob Chychrun.
16:34 of 2nd period - Ryan Strome wins face-off versus Claude Giroux in NEW YORK Rangers zone.
17:25 of 2nd period - Shot by Glenn Gawdin.
17:25 of 2nd period - Shot Blocked by Ty Dellandrea.
17:29 of 2nd period - Shot by Anthony Mantha.
17:29 of 2nd period - Goal by Anthony Mantha - COLORADO Avalanche : 4 - NEW YORK Rangers : 3.
17:30 of 2nd period - Philip Tomasino wins face-off versus Travis Konecny in neutral zone.
17:37 of 2nd period - Shot by Artemi Panarin.
17:37 of 2nd period - Stopped by Semyon Varlamov without a rebound.
17:38 of 2nd period - Anze Kopitar wins face-off versus Travis Konecny in NEW YORK Rangers zone.
17:49 of 2nd period - Shot by Claude Giroux.
17:49 of 2nd period - Stopped by Semyon Varlamov with a rebound.
17:51 of 2nd period - Shot by Anze Kopitar.
17:51 of 2nd period - Shot Misses the Net.
17:55 of 2nd period - Shot by Artemi Panarin.
17:55 of 2nd period - Shot Misses the Net.
17:57 of 2nd period - Shot by Anze Kopitar.
17:57 of 2nd period - Stopped by Semyon Varlamov without a rebound.
17:58 of 2nd period - Zach Hyman wins face-off versus Alexander Wennberg in NEW YORK Rangers zone.
18:28 of 2nd period - Off-side.
18:29 of 2nd period - Anze Kopitar wins face-off versus Travis Konecny in neutral zone.
19:03 of 2nd period - Icing by Torey Krug.
19:04 of 2nd period - Travis Konecny wins face-off versus Alexander Wennberg in NEW YORK Rangers zone.
19:04 of 2nd period - Travis Konecny is hit by Anthony Mantha.
Goals for this period are 2 for COLORADO Avalanche vs 0 for NEW YORK Rangers.
Shots for this period are 13 for COLORADO Avalanche vs 12 for NEW YORK Rangers.

3rd period


0:01 of 3rd period - Travis Konecny wins face-off versus Anze Kopitar in neutral zone.
0:12 of 3rd period - Shot by Taylor Hall.
0:12 of 3rd period - Stopped by Braden Holtby without a rebound.
0:13 of 3rd period - Zach Hyman wins face-off versus Alexander Wennberg in COLORADO Avalanche zone.
0:13 of 3rd period - Zach Hyman is hit by Noah Dobson.
0:31 of 3rd period - Shot by Zach Hyman.
0:31 of 3rd period - Shot Misses the Net.
0:33 of 3rd period - Shot by Zach Hyman.
0:33 of 3rd period - Stopped by Braden Holtby without a rebound.
0:34 of 3rd period - Travis Konecny wins face-off versus Anze Kopitar in COLORADO Avalanche zone.
0:53 of 3rd period - Shot by Taylor Hall.
0:53 of 3rd period - Stopped by Braden Holtby without a rebound.
0:54 of 3rd period - Alexander Wennberg wins face-off versus Zach Hyman in COLORADO Avalanche zone.
1:09 of 3rd period - Shot by Alexander Wennberg.
1:09 of 3rd period - Shot Misses the Net.
1:33 of 3rd period - Shot by Jesse Puljujarvi.
1:33 of 3rd period - Deflect By Zach Hyman.
1:33 of 3rd period - Shot Misses the Net.
1:35 of 3rd period - Shot by Logan Couture.
1:35 of 3rd period - Stopped by Braden Holtby with a rebound.
2:28 of 3rd period - Shot by Taylor Hall.
2:28 of 3rd period - Goal by Taylor Hall - COLORADO Avalanche : 4 - NEW YORK Rangers : 4.
2:29 of 3rd period - Philip Tomasino wins face-off versus Trevor Moore in neutral zone.
2:36 of 3rd period - Shot by Artemi Panarin.
2:36 of 3rd period - Shot Misses the Net.
2:38 of 3rd period - Shot by Martin Frk.
2:38 of 3rd period - Shot Misses the Net.
2:40 of 3rd period - Shot by Gustav Lindstrom.
2:40 of 3rd period - Stopped by Semyon Varlamov without a rebound.
2:41 of 3rd period - Ty Dellandrea wins face-off versus Anze Kopitar in NEW YORK Rangers zone.
2:51 of 3rd period - Ty Dellandrea is hit by Oscar Klefbom and loses puck.
3:10 of 3rd period - Shot by Tyler Ennis.
3:10 of 3rd period - Shot Misses the Net.
3:12 of 3rd period - Shot by Jon Merrill.
3:12 of 3rd period - Stopped by Braden Holtby without a rebound.
3:13 of 3rd period - Philip Tomasino wins face-off versus Travis Konecny in COLORADO Avalanche zone.
4:41 of 3rd period - Oscar Klefbom is hit by Jesse Puljujarvi and loses puck.
4:58 of 3rd period - Shot by Zach Hyman.
4:58 of 3rd period - Shot Misses the Net.
5:27 of 3rd period - Shot by Anthony Mantha.
5:27 of 3rd period - Stopped by Semyon Varlamov without a rebound.
5:28 of 3rd period - Ty Dellandrea wins face-off versus Philip Tomasino in NEW YORK Rangers zone.
5:28 of 3rd period - Torey Krug is hit by Martin Frk and loses puck.
6:01 of 3rd period - Shot by Torey Krug.
6:01 of 3rd period - Stopped by Braden Holtby without a rebound.
6:02 of 3rd period - Travis Konecny wins face-off versus Alexander Wennberg in COLORADO Avalanche zone.
6:15 of 3rd period - Shot by Alexander Wennberg.
6:15 of 3rd period - Shot Misses the Net.
6:17 of 3rd period - Shot by Mark Pysyk.
6:17 of 3rd period - Shot Misses the Net.
6:19 of 3rd period - Shot by Anthony Mantha.
6:19 of 3rd period - Stopped by Semyon Varlamov with a rebound.
6:22 of 3rd period - Minor Penalty to Jon Merrill for Slashing.
6:22 of 3rd period - Minor Penalty to Anthony Mantha for Roughing.
6:23 of 3rd period - Taylor Hall wins face-off versus Claude Giroux in NEW YORK Rangers zone.
6:30 of 3rd period - Taylor Hall is hit by Claude Giroux and loses puck.
7:22 of 3rd period - Off-side.
7:23 of 3rd period - Travis Konecny wins face-off versus Claude Giroux in neutral zone.
7:25 of 3rd period - Torey Krug is hit by Mark Pysyk and loses puck.
7:36 of 3rd period - Shot by Adam Ruzicka.
7:36 of 3rd period - Shot Misses the Net.
7:38 of 3rd period - Shot by Claude Giroux.
7:38 of 3rd period - Shot Misses the Net.
7:40 of 3rd period - Shot by Mark Pysyk.
7:40 of 3rd period - Shot Misses the Net.
7:57 of 3rd period - Shot by Travis Konecny.
7:57 of 3rd period - Stopped by Braden Holtby without a rebound.
7:58 of 3rd period - David Gustafsson wins face-off versus Taylor Hall in COLORADO Avalanche zone.
8:11 of 3rd period - Shot by Artemi Panarin.
8:11 of 3rd period - Shot Misses the Net.
8:29 of 3rd period - Shot by Nolan Patrick.
8:29 of 3rd period - Stopped by Braden Holtby with a rebound.
8:45 of 3rd period - Shot by Anthony Mantha.
8:45 of 3rd period - Stopped by Semyon Varlamov with a rebound.
8:51 of 3rd period - Shot by Gustav Lindstrom.
8:51 of 3rd period - Shot Misses the Net.
11:20 of 3rd period - Icing by Evgeny Svechnikov.
11:21 of 3rd period - Trevor Moore wins face-off versus Adam Ruzicka in COLORADO Avalanche zone.
11:21 of 3rd period - Trevor Moore is hit by Mark Pysyk.
12:11 of 3rd period - Shot by Alexander Wennberg.
12:11 of 3rd period - Shot Blocked by Cody Goloubef.
12:49 of 3rd period - Shot by Artemi Panarin.
12:49 of 3rd period - Stopped by Semyon Varlamov with a rebound.
14:44 of 3rd period - Icing by Jakob Chychrun.
14:45 of 3rd period - Alexander Wennberg wins face-off versus Ty Dellandrea in NEW YORK Rangers zone.
14:45 of 3rd period - Alexander Wennberg is hit by Jakob Chychrun.
15:50 of 3rd period - Shot by Travis Konecny.
15:50 of 3rd period - Shot Misses the Net.
16:57 of 3rd period - Shot by Anthony Mantha.
16:57 of 3rd period - Stopped by Semyon Varlamov without a rebound.
16:58 of 3rd period - Alexander Wennberg wins face-off versus Zach Hyman in NEW YORK Rangers zone.
17:02 of 3rd period - Claude Giroux is hit by Torey Krug.
17:56 of 3rd period - Oscar Klefbom is hit by Jesse Puljujarvi and loses puck.
18:26 of 3rd period - Shot by Ryan Strome.
18:26 of 3rd period - Deflect By Travis Konecny.
18:26 of 3rd period - Shot Misses the Net.
18:58 of 3rd period - Shot by Kieffer Bellows.
18:58 of 3rd period - Stopped by Braden Holtby without a rebound.
18:59 of 3rd period - Alexander Wennberg wins face-off versus Nolan Patrick in COLORADO Avalanche zone.
19:05 of 3rd period - Cody Goloubef is hit by Brenden Dillon and loses puck.
19:31 of 3rd period - Off-side.
19:32 of 3rd period - Ty Dellandrea wins face-off versus Anze Kopitar in neutral zone.
Goals for this period are 0 for COLORADO Avalanche vs 1 for NEW YORK Rangers.
Shots for this period are 6 for COLORADO Avalanche vs 10 for NEW YORK Rangers.

Overtime #1


0:01 of 1st overtime period - Ryan Strome wins face-off versus Luke Glendening in neutral zone.
0:20 of 1st overtime period - Shot by Taylor Hall.
0:20 of 1st overtime period - Shot Misses the Net.
0:25 of 1st overtime period - Off-side.
0:26 of 1st overtime period - Ryan Strome wins face-off versus Luke Glendening in neutral zone.
0:31 of 1st overtime period - Shot by Ryan Strome.
0:31 of 1st overtime period - Stopped by Braden Holtby without a rebound.
0:32 of 1st overtime period - Ryan Strome wins face-off versus Luke Glendening in COLORADO Avalanche zone.
0:33 of 1st overtime period - Shot by Taylor Hall.
0:33 of 1st overtime period - Stopped by Braden Holtby with a rebound.
0:43 of 1st overtime period - Shot by Taylor Hall.
0:43 of 1st overtime period - Deflect By Ryan Strome.
0:43 of 1st overtime period - Shot Misses the Net.
1:04 of 1st overtime period - Shot by Anthony Mantha.
1:04 of 1st overtime period - Shot Misses the Net.
1:51 of 1st overtime period - Shot by Glenn Gawdin.
1:51 of 1st overtime period - Shot Misses the Net.
2:17 of 1st overtime period - Shot by Anthony Mantha.
2:17 of 1st overtime period - Stopped by Semyon Varlamov without a rebound.
2:18 of 1st overtime period - Ryan Strome wins face-off versus Luke Glendening in NEW YORK Rangers zone.
2:25 of 1st overtime period - Icing by Oscar Klefbom.
2:26 of 1st overtime period - Luke Glendening wins face-off versus Ryan Strome in COLORADO Avalanche zone.
4:29 of 1st overtime period - Icing by Brenden Dillon.
4:30 of 1st overtime period - Alexander Wennberg wins face-off versus Trevor Moore in COLORADO Avalanche zone.
Goals for this period are 0 for COLORADO Avalanche vs 0 for NEW YORK Rangers.
Shots for this period are 1 for COLORADO Avalanche vs 2 for NEW YORK Rangers.

ShootOut


5:00 of 1st overtime period - Round #1.
5:00 of 1st overtime period - COLORADO Avalanche , Claude Giroux.
5:00 of 1st overtime period - Shot Misses the Net.
5:00 of 1st overtime period - NEW YORK Rangers, Taylor Hall.
5:00 of 1st overtime period - Goal by Taylor Hall.
5:00 of 1st overtime period - Round #2.
5:00 of 1st overtime period - COLORADO Avalanche , Artemi Panarin.
5:00 of 1st overtime period - Goal by Artemi Panarin.
5:00 of 1st overtime period - NEW YORK Rangers, Ryan Strome.
5:00 of 1st overtime period - Shot Misses the Net.
5:00 of 1st overtime period - Round #3.
5:00 of 1st overtime period - COLORADO Avalanche , Anze Kopitar.
5:00 of 1st overtime period - Goal by Anze Kopitar.
5:00 of 1st overtime period - NEW YORK Rangers, Travis Konecny.
5:00 of 1st overtime period - Goal by Travis Konecny.
5:00 of 1st overtime period - Round #4.
5:00 of 1st overtime period - COLORADO Avalanche , Alexander Wennberg.
5:00 of 1st overtime period - Goal by Alexander Wennberg.
5:00 of 1st overtime period - NEW YORK Rangers, Zach Hyman.
5:00 of 1st overtime period - Stopped by Braden Holtby.